 Dungeon Crawl Stone Soup version 0.29-a0-378-gc08b2e8bf8 (webtiles) character file.

Game seed: 15911929624033135382

182 jlumianski the Skirmisher (level 5, -7/42 HPs)
             Began as a Demonspawn Fighter on May 4, 2022.
             Was an Initiate of Wu Jian.
             Mangled by a gnoll
             ... wielding the +6 halberd "Agiteuff" {venom, *Rage rPois rN+}
              (16 damage)
             ... on level 3 of the Dungeon.
             The game lasted 00:07:52 (3799 turns).

jlumianski the Skirmisher (Demonspawn Fighter)      Turns: 3799, Time: 00:07:52

Health: -7/42      AC: 12    Str: 18    XL:     5   Next: 35%
Magic:  5/5        EV:  5    Int:  9    God:    Wu Jian [......]
Gold:   117        SH:  8    Dex: 13    Spells: 4/4 levels left

rFire   . . .      SeeInvis .   a - +0 war axe (flame)
rCold   . . .      Faith    .   i - +0 kite shield
rNeg    . . .      Spirit   .   s - +0 chain mail
rPois   .          Reflect  .   (no helmet)
rElec   .          Harm     .   l - +2 cloak
rCorr   .          Rampage  .   (no gloves)
Will    .....                   (no boots)
Stlth   ..........              (no amulet)
HPRegen 0.14/turn               (no ring)
MPRegen 0.09/turn               (no ring)

@: no status effects
A: demonic guardian 1, powered by pain 2
a: Renounce Religion


You were on level 3 of the Dungeon.
You worshipped Wu Jian.
Wu Jian was noncommittal.
You visited 1 branch of the dungeon, and saw 3 of its levels.

You collected 117 gold pieces.

Inventory:

Hand Weapons
 a - a +0 war axe of flaming (weapon)
Missiles
 o - 20 stones (quivered)
 t - 2 throwing nets
Armour
 b - a +0 scale mail
 c - a +0 buckler
 i - a +0 kite shield (worn)
 l - a +2 cloak (worn)
 s - a +0 chain mail (worn)
Jewellery
 u - a ring of wizardry
Scrolls
 e - 5 scrolls of teleportation
 f - 2 scrolls of immolation
 g - a scroll of fear
 p - a scroll of enchant armour
 r - a scroll of brand weapon
Potions
 d - 2 potions of might
 h - a potion of lignification {unknown}
 j - 2 potions of curing
 k - a potion of berserk rage {unknown}
 m - 3 potions of cancellation {unknown}
 n - a potion of degeneration {unknown}
 q - a potion of brilliance {unknown}


   Skills:
 + Level 3.6 Fighting
 + Level 3.3 Axes
 + Level 3.5 Armour
 + Level 1.2 Dodging
 + Level 0.1 Stealth
 + Level 3.2 Shields


You had 4 spell levels left.
You didn't know any spells.
Your spell library contained the following spells:

 Spells                   Type           Power      Damage    Failure   Level
 Inner Flame              Hex/Fire       0%         N/A       100%        3
 Cause Fear               Hex            0%         N/A       100%        4
 Discord                  Hex            0%         N/A       100%        8


Dungeon Overview and Level Annotations

Branches:
Dungeon (3/15)

Altars:
Gozag
Wu Jian

Shops:
D:1 *

Annotations:
D:3 chopper's ghost, amateur DgIE


Innate Abilities, Weirdness & Mutations

A weak demonic guardian rushes to your aid.
You sometimes gain power by taking damage.


Message History

A demonic guardian appears!
You are poisoned.
You block the gnoll's attack.
You feel sick. The gnoll barely misses your iron imp.
You feel sick.
The gnoll hits your iron imp with a +0 spear!
Your iron imp hits the gnoll.
There is a transporter here.
You feel sick.
The gnoll hits your iron imp but does no damage.
Your iron imp closely misses the gnoll.
You see here a +0 halberd.
You feel sick. The gnoll barely misses you.
The gnoll closely misses your iron imp.
Your iron imp closely misses the gnoll.
There is a transporter here.
You enter the transporter and appear at another place.
You feel sick.
The gnoll goes berserk!
The gnoll barely misses you.
You hit the gnoll. You burn the gnoll.
The gnoll is lightly wounded.
You feel sick. The gnoll closely misses you.
The gnoll hits you with the +6 halberd "Agiteuff" {venom, *Rage rPois rN+}!
You are more poisoned.
The gnoll hits you with the +6 halberd "Agiteuff" {venom, *Rage rPois rN+}!
* * * LOW HITPOINT WARNING * * *
A demonic guardian appears!
You are more poisoned.
You feel better. The gnoll barely misses you.
You closely miss the gnoll.
The gnoll is lightly wounded.
The gnoll hits you with the +6 halberd "Agiteuff" {venom, *Rage rPois rN+}!
* * * LOW HITPOINT WARNING * * *
Your ufetubus hits the gnoll. x2
The gnoll hits your ufetubus with the +6 halberd "Agiteuff" {venom, *Rage rPois rN+}!!
Your ufetubus dies!
Your ufetubus disappears in a puff of smoke!
You barely miss the gnoll.
The gnoll is moderately wounded.
You block the gnoll's attack.
The gnoll hits you with the +6 halberd "Agiteuff" {venom, *Rage rPois rN+}!
You die...

....###..)...........# #.......#
....# #..............# #.###.###
....###..............## #.# #.##
.........>..#.........###.###..#
...............................#
#...≈≈≈≈≈≈≈≈≈≈≈≈≈≈≈≈≈≈≈≈≈≈≈≈≈..#
#.#.≈≈≈≈≈≈≈≈≈≈≈≈≈≈≈≈≈≈≈≈≈≈≈≈≈..#
....≈≈#####....g§.....#####≈≈..#
....≈≈#.8.#.###.@.###.#g8g#≈≈..#
....≈≈#...###.#####.###.gg#≈≈..#
#...≈≈###...............###≈≈..#
###.≈≈.8#.##'###'######.#8.≈≈..#
# #.≈≈.##.#...#.58#...#g##.≈≈..#
###.≈≈.#..'.....©⌠#:..'..#.≈≈..#
....≈≈.##.#.).#..8#.g.#.##.≈≈..#
##..≈≈.8#.##'###'######.#8.≈≈..#
#..≈≈###...)†...gg.g...###≈≈.##


You could see a gnoll (berserk) and a friendly iron imp (summoned).

Vanquished Creatures
  A scorpion (D:3)
  3 gnolls (D:3)
  3 adders (D:3)
  A worm (D:2)
  A dart slug (D:1)
  An orc (D:3)
  A ball python (D:2)
  3 endoplasms
  13 giant cockroaches
  A goblin (D:2)
  7 hobgoblins
  4 quokkas
  6 bats
  2 frilled lizards
  5 kobolds
  4 rats
56 creatures vanquished.

Vanquished Creatures (others)
  8 plants (D:3)
8 creatures vanquished.

Grand Total: 64 creatures vanquished

Notes
Turn   | Place    | Note
-------+----------+-------------------------------------------
     0 | D:1      | jlumianski the Demonspawn Fighter began the quest for the
                  | Orb.
     0 | D:1      | Reached XP level 1. HP: 18/18 MP: 1/1
   585 | D:1      | Gained mutation: You sometimes gain a little power by
                  | taking damage. [demonic ancestry]
   585 | D:1      | Reached XP level 2. HP: 24/24 MP: 2/2
   688 | D:1      | Found a faded altar of an unknown god.
   767 | D:1      | Found Zunt's General Store.
  1653 | D:2      | Gained mutation: You sometimes gain power by taking damage.
                  | [demonic ancestry]
  1653 | D:2      | Reached XP level 3. HP: 29/29 MP: 3/3
  2897 | D:3      | Noticed a scorpion
  2907 | D:3      | Killed a scorpion
  2908 | D:3      | Gained mutation: A weak demonic guardian rushes to your
                  | aid. [demonic ancestry]
  2908 | D:3      | Reached XP level 4. HP: 35/35 MP: 4/4
  2995 | D:3      | Identified the +6 halberd "Agiteuff" {venom, *Rage rPois
                  | rN+}
  3070 | D:3      | Found an ornate altar of the Wu Jian Council.
  3100 | D:3      | Found an opulent altar of Gozag.
  3113 | D:3      | Became a worshipper of the Wu Jian Council
  3158 | D:3      | Found a transporter.
  3158 | D:3      | Found a transporter.
  3168 | D:3      | Noticed chopper's ghost (amateur DgIE)
  3369 | D:3      | Reached skill level 1 in Dodging
  3427 | D:3      | Reached XP level 5. HP: 41/41 MP: 5/5
  3799 | D:3      | Mangled by a gnoll

Illustrated notes

Levels and vault maps discovered:
D:1:      psy_arrival_conway, layout_basic, serial_shops,
          nicolae_shop_hallway_plus, hellmonk_ecumenical_altar_leap_of_faith,
          serial_bayou_pond_c
D:2:      minmay_roachtagon, layout_basic, grunt_ministairs_6, moated_statue
D:3:      layout_basic, mainiacjoe_overflow_big_doors,
          gammafunk_ghost_gnarly_gnolls

Skill      XL: |  1  2  3  4 |
---------------+-------------+-----
Armour         | 3 |  3.5
Axes           | 2 3 |  3.3
Shields        | 3 |  3.2
Dodging        | 1 |  1.2
Fighting       | |  3.6
Stealth        | |  0.1

Action                   |  1- 3 |  4- 6 || total
-------------------------+-------+-------++-------
Melee: War axe           |   131 |    40 ||   171
Invok: Lunge             |       |     7 ||     7
  Use: Scroll            |     6 |     3 ||     9
       Potion            |       |     1 ||     1
Armor: Scale mail        |    70 |    11 ||    81
       Chain mail        |       |     6 ||     6
Dodge: Dodged            |    51 |    11 ||    62
Block: Buckler           |     6 |       ||     6
       Kite shield       |    54 |    22 ||    76

Table legend: (Time is in decaauts)
 A = Elapsed time spent in this place.
 B = Non-inter-level travel time spent in this place.
 C = Inter-level travel time spent in this place.
 D = Time resting spent in this place.
 E = Time spent auto-exploring this place.
 F = Levels seen in this place.
 G = Mean time per level.
                   A        B        C        D        E       F      G
               +--------+--------+--------+--------+--------+-----+--------+
         Total |   3893 |   3818 |     75 |      0 |   2981 |   3 | 1297.7 |
       Dungeon |   3893 |   3818 |     75 |      0 |   2981 |   3 | 1297.7 |
               +--------+--------+--------+--------+--------+-----+--------+

Top non-repeatable levels by time:
     D:1: 1532 daAuts
     D:2: 1437 daAuts
     D:3: 923 daAuts
